 Dungeon Crawl Stone Soup version 0.30-a0-883-g5ad918d77d (webtiles) character file.

Game seed: 15532442181396311583

1843187 FexLirch the Wrestler (level 27, 302/302 HPs)
             Began as a Troll Fighter on Mar 17, 2023.
             Was a High Priest of Ashenzari.
             Escaped with the Orb
             ... and 3 runes!
             The game lasted 04:55:33 (58394 turns).

FexLirch the Wrestler (Troll Fighter)              Turns: 58394, Time: 04:55:33

Health: 302/302    AC: 37    Str: 46      XL:     27
Magic:  38/38      EV:  9    Int:  8 (11) God:    Ashenzari [*****.]
Gold:   2266       SH: 16    Dex:  7      Spells: 33/51 levels left

rFire   + + .      SeeInvis +      - Unarmed
rCold   . . .      Faith    .    b - +1 kite shield "Share My Trepidation" {Range, Melee} (curse)
rNeg    + + +      Spirit   +    a - +7 gold dragon scales of the Mantic God {rPois rF+ rC+, Fort, Melee} (curse)
rPois   +          Reflect  .    Z - +0 mask of the Dragon {Will+ Slay+3 SInv, Cun, Self} (curse)
rElec   +          Rampage  .    z - +2 cloak of Ashenzari's Comet {Regen+ Str+3 Int+7 Slay-2, Melee, Fort} (curse)
rCorr   +          Clarity  +    (gloves unavailable)
Will    +++++                    (boots unavailable) Stlth
                                 d - amulet "Ennui of Ashenzari" {Spirit rElec rN+++ Str-2 SInv, Fort, Evo} (curse)
HPRegen 2.30/turn                x - ring "Bound Together" {Drain rF+ Will+ rCorr Str+3, Self, Elem} (curse)
MPRegen 0.26/turn                O - ring of the Astral Seer {Will+ Slay+3, Range, Melee} (curse)

@: studying 2 skills
A: large, unfitting armour, claws 3, regeneration 1, shaggy fur 1, tough skin 1,
horns 1, clumsy 1, cold vulnerability 1
0: Orb of Zot
}: 3/15 runes: barnacled, slimy, gossamer
a: Renounce Religion, Shatter the Chains


You escaped.
You worshipped Ashenzari.
Ashenzari was extremely pleased with you.
You visited 11 branches of the dungeon, and saw 54 of its levels.
You also visited: Bailey, Gauntlet, Ice Cave and Desolation.

You collected 8589 gold pieces.
You spent 6323 gold pieces at shops.

Inventory:

Missiles
 m - 21 boomerangs
 w - 32 large rocks (quivered)
 y - 17 javelins
 A - 74 poisoned darts
 C - 23 atropa-tipped darts
 L - 18 curare-tipped darts
 T - 12 silver boomerangs
 V - 5 silver javelins
Armour
 a - the cursed +7 gold dragon scales of the Mantic God (worn) {rPois rF+ rC+, Fort, Melee}
   (You bought it in a shop on level 2 of the Orcish Mines)

   rF:        It protects you from fire.
   rC:        It protects you from cold.
   rPois:     It protects you from poison.
   It has a curse which improves the following skills: Fortitude: Armour and
   Shields.
   Melee Combat: Short Blades, Long Blades, Axes, Maces & Flails, Polearms,
   Staves and Unarmed Combat.
 b - the cursed +1 kite shield "Share My Trepidation" (worn) {Range, Melee}

   It has a curse which improves the following skills: Ranged Combat: Ranged
   Weapons and Throwing.
   Melee Combat: Short Blades, Long Blades, Axes, Maces & Flails, Polearms,
   Staves and Unarmed Combat.
 z - the cursed +2 cloak of Ashenzari's Comet (worn) {Regen+ Str+3 Int+7 Slay-2, Melee, Fort}
   (You found it on level 2 of the Depths)

   Str:       It affects your strength (+3).
   Int:       It affects your intelligence (+7).
   Slay:      It affects your accuracy & damage with ranged weapons and melee
   (-2).
   Regen:     It increases your rate of health regeneration.
   It has a curse which improves the following skills: Melee Combat: Short
   Blades, Long Blades, Axes, Maces & Flails, Polearms, Staves and Unarmed
   Combat.
   Fortitude: Armour and Shields.
 D - a scarf of resistance
 Z - the cursed +0 mask of the Dragon (worn) {Will+ Slay+3 SInv, Cun, Self}
   (You bought it in a shop on level 2 of the Orcish Mines)

   Slay:      It affects your accuracy & damage with ranged weapons and melee
   (+3).
   SInv:      It lets you see invisible.
   Will:      It increases your willpower.
   It has a curse which improves the following skills: Cunning: Dodging and
   Stealth.
   Introspection: Fighting and Spellcasting.
Jewellery
 d - the cursed amulet "Ennui of Ashenzari" (around neck) {Spirit rElec rN+++ Str-2 SInv, Fort, Evo}
   (You found it on level 1 of the Vaults)

   [amulet of guardian spirit]

   It causes incoming damage to be divided between your reserves of health and
   magic.
   Str:       It affects your strength (-2).
   rElec:     It insulates you from electricity.
   rN:        It renders you almost immune to negative energy.
   SInv:      It lets you see invisible.
   It has a curse which improves the following skills: Fortitude: Armour and
   Shields.
   Evocations: Evocations.
 f - the ring "Caloukorr" {rElec rCorr Str+3 Dex-2 Slay+4}
   (You found it on level 5 of the Pits of Slime)

   [ring of slaying]

   Str:       It affects your strength (+3).
   Dex:       It affects your dexterity (-2).
   Slay:      It affects your accuracy & damage with ranged weapons and melee
   (+4).
   rElec:     It insulates you from electricity.
   rCorr:     It protects you from acid and corrosion.
 r - the ring of Usmach {Fly Int+6}
   (You found it in an ice cave)

   [ring of intelligence]

   Int:       It affects your intelligence (+6).
   Fly:       It grants you flight.
 x - the cursed ring "Bound Together" (left claw) {Drain rF+ Will+ rCorr Str+3, Self, Elem}
   (You found it in the Desolation of Salt)

   [ring of willpower]

   Str:       It affects your strength (+3).
   rF:        It protects you from fire.
   rCorr:     It protects you from acid and corrosion.
   Drain:     It drains your maximum health when unequipped.
   Will:      It increases your willpower.
   It has a curse which improves the following skills: Introspection: Fighting
   and Spellcasting.
   Elements:  Fire Magic, Ice Magic, Air Magic and Earth Magic.
 M - the ring of Danyk {Fly rElec rC+}
   (You found it on level 2 of the Realm of Zot)

   [ring of flight]

   rC:        It protects you from cold.
   rElec:     It insulates you from electricity.
   Fly:       It grants you flight.
 O - the cursed ring of the Astral Seer (right claw) {Will+ Slay+3, Range, Melee}
   (You bought it in a shop on level 11 of the Dungeon)

   [ring of willpower]

   Slay:      It affects your accuracy & damage with ranged weapons and melee
   (+3).
   Will:      It increases your willpower.
   It has a curse which improves the following skills: Ranged Combat: Ranged
   Weapons and Throwing.
   Melee Combat: Short Blades, Long Blades, Axes, Maces & Flails, Polearms,
   Staves and Unarmed Combat.
 R - the ring "Pibos" {Drain rPois rF+ Will++ Int+6}
   (You found it in the Desolation of Salt)

   [ring of intelligence]

   Int:       It affects your intelligence (+6).
   rF:        It protects you from fire.
   rPois:     It protects you from poison.
   Drain:     It drains your maximum health when unequipped.
   Will:      It greatly increases your willpower.
 W - a ring of protection from cold
 Y - the ring of Odahuris {Str+6 Int+2 Stlth+}
   (You took it off a ragged hierophant in the Desolation of Salt)

   [ring of strength]

   Str:       It affects your strength (+6).
   Int:       It affects your intelligence (+2).
   Stlth:     It makes you more stealthy.
Wands
 v - a wand of mindburst (43)
 K - a wand of acid (22)
 N - a wand of iceblast (41)
 P - a wand of digging (1)
Scrolls
 e - 9 scrolls of poison
 j - 4 scrolls of torment
 o - 8 scrolls of teleportation
 u - 11 scrolls of fear
 E - 5 scrolls of magic mapping
 F - 9 scrolls of blinking
 G - 8 scrolls of fog
 Q - 7 scrolls of butterflies
Potions
 c - 4 potions of might
 g - 3 potions of attraction
 h - 6 potions of brilliance
 i - 5 potions of lignification
 k - a potion of cancellation
 l - 6 potions of mutation
 p - 3 potions of magic
 q - 6 potions of heal wounds
 s - 5 potions of resistance
 t - 22 potions of curing
 H - 6 potions of ambrosia
 I - 7 potions of flight
 J - 2 potions of invisibility
 S - a potion of haste
 X - a potion of berserk rage
Miscellaneous
 n - a tin of tremorstones (2/2)
 B - a phantom mirror
 U - a phial of floods


   Skills:
 + Level 19.4(22.6) Fighting
 + Level 19.5(22.7) Throwing
 + Level 18.8(23.0) Armour
 - Level 8.6(11.0) Dodging
 + Level 19.3(23.5) Shields
 - Level 22.7(27) Unarmed Combat
 + Level 9.1(12.6) Spellcasting
 + Level 10.3 Translocations


You had 33 spell levels left.
You knew the following spells:

 Your Spells              Type           Power      Damage    Failure   Level
a - Blink                 Tloc           42%        N/A       1%          2
b - Lesser Beckoning      Tloc           42%        N/A       1%          2
c - Apportation           Tloc           42%        N/A       1%          1
d - Passage of Golubria   Tloc           21%        N/A       8%          4
e - Manifold Assault      Tloc           21%        N/A       8%          4
f - Portal Projectile     Hex/Tloc       26%        N/A       19%         3
g - Wereblood             Tmut           5%         N/A       63%         2

Your spell library contained the following spells:

 Spells                   Type           Power      Damage    Failure   Level
 Gell's Gravitas          Tloc           21%        N/A       2%          3
 Teleport Other           Tloc           21%        N/A       2%          3
 Momentum Strike          Conj/Tloc      26%        3d8       10%         2
 Vhi's Electric Charge    Tloc/Air       26%        N/A       19%         3
 Freeze                   Ice            20%        1d4       43%         1
 Sandblast                Erth           10%        2d5       43%         1
 Shock                    Conj/Air       20%        1d4       45%         1
 Beastly Appendage        Tmut           10%        N/A       47%         1
 Kiss of Death            Conj/Necr      20%        2d7       47%         1
 Magic Dart               Conj           20%        1d4       47%         1
 Necrotise                Necr           20%        1d5       47%         1
 Sting                    Tmut/Pois      20%        1d4       47%         1
 Summon Small Mammal      Summ           20%        N/A       47%         1
 Cigotuvi's Dreadful Rot  Necr/Pois/Air  10%        N/A       58%         2
 Passwall                 Tmut/Erth      4%         N/A       58%         2
 Poisonous Vapours        Pois/Air       10%        N/A       58%         2
 Static Discharge         Conj/Air       10%        2-3/arc   58%         2
 Call Imp                 Summ           5%         N/A       63%         2
 Searing Ray              Conj           10%        2d4       63%         2
 Dispersal                Tloc           10%        N/A       75%         6
 Frozen Ramparts          Ice            10%        1d2       80%         3
 Swiftness                Air            5%         N/A       80%         3
 Hailstorm                Conj/Ice       5%         3d4       83%         3
 Ignite Poison            Fire/Tmut/Pois 5%         N/A       83%         3
 Inner Flame              Hex/Fire       5%         N/A       83%         3
 Mephitic Cloud           Conj/Pois/Air  5%         N/A       83%         3
 Stone Arrow              Conj/Erth      10%        3d7       83%         3
 Call Canine Familiar     Summ           5%         N/A       85%         3
 Confusing Touch          Hex            5%         N/A       85%         3
 Spider Form              Tmut/Pois      5%         N/A       85%         3
 Summon Guardian Golem    Hex/Summ       5%         N/A       85%         3
 Tukima's Dance           Hex            5%         N/A       85%         3
 Vampiric Draining        Necr           5%         2d6       85%         3
 Airstrike                Air            2%         2d(1-17)  99%         4
 Animate Armour           Summ/Erth      10%        N/A       99%         4
 Animate Dead             Necr           5%         N/A       99%         4
 Cause Fear               Hex            2%         N/A       99%         4
 Dispel Undead            Necr           5%         3d7       99%         4
 Fulminant Prism          Conj/Hex       2%         3d5       99%         4
 Ice Form                 Ice/Tmut       5%         N/A       99%         4
 Leda's Liquefaction      Hex/Erth       2%         N/A       99%         4
 Olgreb's Toxic Radiance  Pois           5%         N/A       99%         4
 Petrify                  Tmut/Erth      5%         N/A       99%         4
 Sticky Flame             Conj/Fire      5%         2d3       99%         4
 Summon Ice Beast         Ice/Summ       5%         N/A       99%         4
 Alistair's Intoxication  Tmut/Pois      3%         N/A       100%        5
 Arcjolt                  Conj/Air       2%         1d12      100%        5
 Blade Hands              Tmut           2%         N/A       100%        5
 Borgnjor's Vile Clutch   Necr/Erth      2%         N/A       100%        5
 Fireball                 Conj/Fire      2%         3d4       100%        5
 Freezing Cloud           Conj/Ice/Air   2%         6-21      100%        5
 Irradiate                Conj/Tmut      2%         3d12      100%        5
 Lee's Rapid Deconstruct  Erth           2%         3d5*      100%        5
 Lightning Bolt           Conj/Air       2%         1d14      100%        5
 Metabolic Englaciation   Hex/Ice        2%         N/A       100%        5
 Silence                  Hex/Air        2%         N/A       100%        5
 Summon Mana Viper        Hex/Summ       5%         N/A       100%        5
 Yara's Violent Unravell  Hex/Tmut       2%         3d3       100%        5
 Conjure Ball Lightning   Conj/Air       2%         3x3d6     100%        6
 Death Channel            Necr           2%         N/A       100%        6
 Simulacrum               Ice/Necr       2%         N/A       100%        6
 Statue Form              Tmut/Erth      3%         N/A       100%        6
 Dragon Form              Tmut           2%         N/A       100%        7
 Haunt                    Necr/Summ      2%         N/A       100%        7
 Monstrous Menagerie      Summ           2%         N/A       100%        7
 Spellforged Servitor     Conj/Summ      2%         N/A       100%        7
 Storm Form               Tmut/Air       2%         N/A       100%        7
 Discord                  Hex            2%         N/A       100%        8
 Disjunction              Tloc           10%        N/A       100%        8
 Lehudib's Crystal Spear  Conj/Erth      2%         10d2      100%        8
 Maxwell's Capacitive Co  Air            2%         ∞         100%        8
 Necromutation            Tmut/Necr      2%         N/A       100%        8
 Death's Door             Necr           2%         N/A       100%        9
 Dragon's Call            Summ           2%         N/A       100%        9
 Fire Storm               Conj/Fire      2%         8d1       100%        9
 Polar Vortex             Ice            2%         N/A       100%        9


Dungeon Overview and Level Annotations

Branches:
Dungeon (15/15)            Temple (0/1) D:6            Lair (5/5) D:11
 Shoals (4/4) Lair:2       Spider (4/4) Lair:3        Slime (5/5) Lair:5
    Orc (2/2) D:10            Elf (3/3) Orc:2        Vaults (4/5) D:13
  Crypt (3/3) Vaults:2       Tomb (0/3) Crypt:3      Depths (4/4) D:15
    Zot (5/5) Depths:4     Bailey (visited)           IceCv (visited)
Desolation (visited)      Gauntlet (visited)

Altars:
Ashenzari
Elyvilon
Gozag
Hepliaklqana
Kikubaaqudgha
Makhleb
Okawaru
Qazlal
Ru
Sif Muna
Trog
Uskayaw
Vehumet
Wu Jian
Xom
Yredelemnul
Zin
The Shining One
Jiyva
Lugonu

Shops:
D:2 ?   D:10 [   D:11 =   D:15 *   Orc:2 ![*[   Elf:3 :=:(   Shoals:1 ((?=[
Vaults:2 :([*   Depths:4 [

Portals:
Hell: Depths:1 Depths:2 Depths:3 Depths:4
Abyss: Depths:1 Depths:3
Pandemonium: Depths:2 Depths:3
Ziggurat: Depths:1
Trove: Vaults:3 (give 9 potions of haste)

Annotations:
D:13 exclusion: orange crystal statue
Shoals:2 2 runed translucent doors, cforsyth's ghost, adept OgFE
Slime:3 exclusions: downstairs and upstairs
Slime:5 exclusion: upstairs
Vaults:2 Sojobo
Vaults:4 exclusion: downstairs
Zot:5 2 transporters, 4 exclusions, patfeehan111222's ghost, legendary MiBe


Innate Abilities, Weirdness & Mutations

You are too large for most types of armour.
You have claws for hands.
Your natural rate of healing is unusually fast.
You are covered in fur. (AC +1)
You have tough skin. (AC +1)
You have a pair of small horns on your head.
You are clumsy. (Dex -2)
You are vulnerable to cold. (rC-)


Message History

You climb upwards.
There is a stone staircase leading down here.
(D) Dungeon (T) Temple (L) Lair (A) Shoals (N) Spider Nest (M) Slime Pits (O) Orcish Mines (E) Elven Halls (V) Vaults (C) Crypt (W) Tomb (U) Depths (H) Hell (Z) Zot
Where to? (Enter - D:1 @ (x,y), ? - help)
What level of the Dungeon? (default 1, ? - help)
There is an open door here.
There is a stone staircase leading up here.
You climb upwards.
There is a stone staircase leading down here.
There is an open door here.
There is a stone staircase leading up here.
You climb upwards.
There is a stone staircase leading down here.
Unknown command.
Unknown command.
Aiming: Dig
Press: ? - help, Shift-Dir - straight line A rock wall.
This square is covered in magical glow.
The rock shatters into small pieces.
Aiming: Dig
Press: ? - help, Shift-Dir - straight line A rock wall.
This square is covered in magical glow.
The rock shatters into small pieces.
A tormentor comes into view.
You throw a large rock.
The large rock barely misses the tormentor.
You throw a large rock. The large rock hits the tormentor!!!
You kill the tormentor!
w - 32 large rocks (gained 1)
There is an open door here.
As you read the scroll of butterflies, it crumbles to dust.
You hear the flapping of tiny wings.
You swap places.
There is a staircase leading out of the dungeon here.
You have escaped! ########## #bbbbb...# #bbbbbbb.# #b@bbbbb.# #bbbbbbb.# #bbbb.bb.#

#####'####
######.#####
#...)......#
#.8..≈≈≈≈..#
#..........#
##########.#


There were no monsters in sight!

Vanquished Creatures
  the Royal Jelly (Slime:5)
  2 dread liches
  3 ancient liches
  4 orbs of fire
  A juggernaut (Depths:3)
  9 Killer Klowns
  Parghit (Zot:1)
  Vv (Zot:4)
  Bai Suzhen (Vaults:2)
  A caustic shrike (Depths:4)
  5 curse toes
  5 golden dragons
  the Enchantress (Depths:1)
  Arachne (Spider:3)
  2 profane servitors (Crypt:3)
  4 electric golems
  20 tentacled monstrosities
  5 liches
  25 Orb Guardians (Zot:5)
  A walking earthen tome (Depths:3)
  Asterion (D:15)
  3 deep elf blademasters
  2 titans
  4 quicksilver dragons
  2 deep elf master archers (Elf:3)
  3 walking divine tomes
  Polyphemus (Shoals:2)
  8 death cobs
  19 acid blobs
  A kraken (Shoals:3)
  Kirke (Lair:3)
  16 storm dragons
  7 ancient champions
  6 shadow dragons
  6 sphinxes
  5 revenants
  3 fire giants
  5 tengu reavers
  10 draconian monks
  Donald (Spider:4)
  Ilsuiw (Shoals:2)
  7 azure jellies
  6 rockslimes
  4 emperor scorpions (Spider:4)
  3 deep elf sorcerers
  10 draconian knights
  4 draconian scorchers
  5 vault wardens
  17 frost giants
  5 iron dragons
  9 ghost moths
  13 ghouls
  An imperial myrmidon (Desolation)
  9 draconian shifters
  4 curse skulls
  2 reapers
  7 draconian annihilators
  7 draconian stormcallers
  10 ironbound preservers
  6 deep elf elementalists (Elf:3)
  11 quicksilver oozes
  23 very ugly things
  A war gargoyle (Vaults:4)
  5 spriggan defenders
  A caustic shrike skeleton (Crypt:1)
  9 stone giants
  13 dire elephants
  10 deep elf annihilators
  20 green draconians
  4 ironbound thunderhulks
  6 deep elf demonologists
  12 vampire knights
  11 red draconians
  14 white draconians
  17 yellow draconians
  10 spark wasps
  17 black draconians
  A minotaur (Gauntlet)
  15 purple draconians
  2 halazid warlocks (Desolation)
  A blizzard demon (Depths:2)
  11 merfolk javelineers
  11 deep elf death magi
  5 fire dragons
  18 jiangshi
  11 merfolk impalers
  5 eidola
  7 ettins
  4 crystal guardians
  3 deep elf high priests
  4 entropy weavers
  A spriggan zombie (Crypt:1)
  8 ragged hierophants (Desolation)
  6 servants of whispers (Desolation)
  7 yaktaur captains
  11 vault guards
  13 great orbs of eyes
  A quicksilver dragon skeleton (Vaults:3)
  10 peacekeepers
  4 rakshasas
  A caustic shrike simulacrum (Crypt:1)
  7 hydras
  13 centaur warriors
  7 spriggan air magi
  5 ironbound frosthearts
  6 ice dragons
  2 merfolk avatars
  2 ogre magi
  A fenstrider witch skeleton (Crypt:3)
  4 radroaches
  A catoblepas (Shoals:2)
  7 boulder beetles
  2 jorogumos (Spider:4)
  7 death scarabs (Spider:4)
  A death knight (Crypt:1)
  7 merfolk aquamancers
  22 death yaks
  A satyr (Shoals:4)
  3 alligator snapping turtles (Shoals:3)
  2 two-headed ogres
  8 deep troll shamans
  4 tengu warriors
  30 dancing weapons
  A two-headed ogre (shapeshifter) (Depths:3)
  7 deep troll earth magi
  A hell hog (D:7)
  4 spriggan berserkers
  3 vampire magi
  2 soul eaters
  Sonja (Lair:1)
  A sun demon (Depths:4)
  7 skysharks
  A storm dragon zombie (Crypt:3)
  A titan skeleton (Crypt:3)
  8 deep elf knights
  6 pharaoh ants
  25 skeletal warriors
  8 iron trolls
  5 shadow wraiths
  A golden dragon zombie (Crypt:2)
  Lodul (D:13)
  7 flayed ghosts
  A bunyip zombie (Crypt:1)
  A sun moth (Spider:3)
  2 orb spiders (Spider:4)
  56 deep trolls
  A spriggan simulacrum (Crypt:3)
  14 wizards
  An obsidian statue (Gauntlet)
  11 deep elf archers
  8 sea snakes
  5 phantasmal warriors
  5 bog bodies
  4 orc knights
  5 lindwurms (Vaults:2)
  23 harpies
  4 glowing orange brains
  2 wolf spider zombies (Spider:4)
  Pikel (D:4)
  A spectral wolf spider (Spider:4)
  9 ironbound convokers
  10 steelbarb worms
  7 necromancers
  54 ugly things
  23 deep elf pyromancers
  24 deep elf zephyrmancers
  An orc sorcerer (Elf:1)
  12 wolf spiders
  The ghost of Parcival the Conjurer, a novice HuCj of Sif Muna (D:6)
  2 shadow dragon skeletons
  9 large abominations
  13 fauns
  4 shining eyes
  4 cyclopes
  15 manticores
  10 merfolk sirens
  10 demonic crawlers
  A stone giant skeleton (Crypt:3)
  Joseph (D:7)
  28 moths of wrath
  13 vault sentinels
  12 elephants
  2 naga zombies
  An alligator snapping turtle zombie (Crypt:2)
  8 black mambas
  A centaur zombie (Crypt:2)
  9 water nymphs
  3 dire elephant skeletons
  3 eyes of devastation
  A smoke demon (Depths:2)
  4 ice statues
  5 torpor snails
  A guardian serpent (Desolation)
  14 cane toads
  7 molten gargoyles
  A cane toad (shapeshifter) (Elf:2)
  10 apocalypse crabs (Zot:4)
  2 yaktaur zombies
  A hellion (Depths:2)
  A minotaur zombie (Gauntlet)
  A kobold demonologist (D:12)
  2 spectral redbacks (Spider:4)
  13 yaktaurs
  11 freezing wraiths
  2 human zombies
  An efreet (D:13)
  A death yak skeleton (Crypt:1)
  5 komodo dragons
  3 tengu conjurers
  7 rime drakes
  A bunyip simulacrum (Crypt:3)
  A minotaur skeleton (Crypt:2)
  A tormentor (D:1)
  8 guardian mummies (Crypt:3)
  2 trolls
  6 meliai
  A spectral culicivora (Spider:4)
  A harpy skeleton (Crypt:1)
  28 merfolk
  2 spectral jumping spiders (Spider:4)
  2 hellwings (Depths:2)
  12 wind drakes
  14 blink frogs
  5 harpy zombies
  9 dream sheep
  A dream sheep (shapeshifter) (Elf:3)
  An ice dragon zombie (Crypt:3)
  10 polar bears (Lair:5)
  29 tarantellas
  5 spectral tarantellas (Spider:4)
  2 hornets
  60 saltlings
  9 snapping turtles
  4 raiju (Lair:5)
  A jumping spider zombie (Spider:4)
  A boulder beetle zombie (Crypt:1)
  A tarantella zombie (Spider:4)
  103 slime creatures
  38 jumping spiders
  5 flying skulls (Gauntlet)
  Sigmund (D:3)
  12 air elementals
  A fire dragon skeleton (Crypt:1)
  7 spriggans
  28 water elementals
  A slime creature (shapeshifter) (Depths:2)
  2 black mamba skeletons
  2 wyverns
  19 culicivoras
  7 hogs (Lair:3)
  7 vampires
  A human (D:13)
  4 wraiths
  46 yaks
  57 redbacks
  A fire elemental (Elf:3)
  2 golden eyes (Slime:4)
  A hog (shapeshifter) (Elf:3)
  2 basilisks
  A neqoxec (D:13)
  6 small abominations
  5 steam dragons
  9 vampire mosquitoes
  5 chaos spawn
  A human simulacrum (Vaults:3)
  A naga skeleton (Crypt:3)
  5 acid dragons
  A floating eye (shapeshifter) (Elf:3)
  13 hell hounds (Lair:5)
  9 wargs
  2 floating eyes
  13 water moccasins
  13 black bears
  A swamp drake (Lair:2)
  4 ice beasts
  34 orc warriors
  2 manticore zombies (Shoals:1)
  A sky beast (D:7)
  19 ogres
  6 boggarts (Vaults:1)
  A black mamba simulacrum (Crypt:2)
  17 wolves
  18 centaurs
  A phantom (D:4)
  4 kobold brigands
  2 lemures (D:4)
  3 necrophages (Crypt:2)
  2 earth elementals
  13 bullfrogs
  2 gnoll sergeants
  6 scorpions
  10 wights
  A komodo dragon skeleton (Crypt:3)
  A polar bear zombie (Crypt:2)
  4 lindwurm simulacra (IceCv)
  A raiju skeleton (Crypt:2)
  4 electric eels
  6 howler monkeys
  A spriggan skeleton (Crypt:3)
  A black bear zombie (Crypt:2)
  4 komodo dragon simulacra (IceCv)
  14 orc priests
  2 gnoll boudas
  3 hounds
  5 jellies
  A sleepcap (D:4)
  An iguana (D:6)
  14 orc wizards
  A hound skeleton (Crypt:2)
  4 mummies (Crypt:3)
  A howler monkey zombie (Crypt:2)
  7 acid dragon simulacra (IceCv)
  19 gnolls
  9 adders
  A white imp (D:5)
  An ufetubus (D:6)
  6 steam dragon simulacra (IceCv)
  An adder skeleton (Crypt:1)
  2 worms (D:2)
  A dart slug (D:1)
  80 orcs
  7 ball pythons
  A bat zombie (Shoals:1)
  8 endoplasms
  4 giant cockroaches
  5 hobgoblins
  8 jackals
  10 kobolds
  6 quokkas
  A ball python zombie (Crypt:3)
  2 bats
  5 goblins
  A jackal zombie (Crypt:3)
  4 rats
  A rat skeleton (Crypt:1)
  A plant (Shoals:3)
  A tentacle (Shoals:3)
2486 creatures vanquished.

Vanquished Creatures (others)
  An Orb Guardian (Zot:5)
  A ragged hierophant (Desolation)
  A peacekeeper (Desolation)
  A merfolk aquamancer (Shoals:4)
  2 deep elf pyromancers (Elf:2)
  51 fungi
  97 plants
  3 tentacles (Shoals:3)
157 creatures vanquished.

Grand Total: 2643 creatures vanquished

Notes
Turn   | Place    | Note
-------+----------+-------------------------------------------
     0 | D:1      | FexLirch the Troll Fighter began the quest for the Orb.
     0 | D:1      | Reached XP level 1. HP: 22/22 MP: 0/0
   231 | D:1      | Found a faded altar of an unknown god.
   236 | D:1      | Reached XP level 2. HP: 29/29 MP: 1/1
   279 | D:1      | Prayed at the altar of an unknown god.
   279 | D:1      | Became a worshipper of Ashenzari the Shackled
   536 | D:2      | Reached skill level 3 in Unarmed Combat
   592 | D:2      | Found Opi Jeo's Magic Scroll Emporium.
   602 | D:2      | Reached XP level 3. HP: 36/36 MP: 2/2
   694 | D:2      | Reached skill level 4 in Unarmed Combat
  1126 | D:3      | Reached XP level 4. HP: 44/44 MP: 3/3
  1126 | D:3      | Identified the +8 dagger "Befisho" {venom, Contam rF+ rC+
                  | Stlth+}
  1135 | D:3      | Reached skill level 5 in Unarmed Combat
  1187 | D:3      | Reached XP level 5. HP: 49/50 MP: 4/4
  1291 | D:3      | Noticed Sigmund
  1429 | D:3      | Learned a level 2 spell: Blink
  1523 | D:3      | Found a broken altar of Ashenzari.
  1785 | D:4      | Noticed a steam dragon
  1791 | D:4      | Killed a steam dragon
  1792 | D:4      | Reached skill level 6 in Unarmed Combat
  1792 | D:4      | Reached XP level 6. HP: 16/59 MP: 5/5
  1942 | D:4      | Reached skill level 7 in Unarmed Combat
  2324 | D:4      | Noticed Pikel
  2330 | D:4      | Reached XP level 7. HP: 38/66 MP: 6/6
  2597 | D:5      | Entered Level 5 of the Dungeon
  2615 | D:5      | Reached skill level 8 in Unarmed Combat
  2677 | D:5      | Reached skill level 9 in Unarmed Combat
  2730 | D:5      | Reached XP level 8. HP: 74/74 MP: 7/7
  2839 | D:5      | Reached skill level 10 in Unarmed Combat
  3471 | D:6      | Found a staircase to the Ecumenical Temple.
  3530 | D:6      | Reached skill level 11 in Unarmed Combat
  3637 | D:6      | Reached * piety under Ashenzari
  3811 | D:6      | Reached skill level 1 in Throwing
  3958 | D:6      | Found a runed translucent door.
  3963 | D:6      | Noticed Parcival's ghost (novice HuCj)
  3987 | D:6      | Killed Parcival's ghost
  3988 | D:6      | Reached skill level 12 in Unarmed Combat
  3988 | D:6      | Reached XP level 9. HP: 77/80 MP: 8/8
  4361 | D:7      | Found a basalt altar of Yredelemnul.
  4433 | D:7      | Found a sacrificial altar of Ru.
  4468 | D:7      | Noticed Joseph
  4480 | D:7      | Killed Joseph
  4547 | D:7      | Found a shimmering blue altar of Sif Muna.
  4549 | D:7      | Found an ornate altar of the Wu Jian Council.
  4549 | D:7      | Found an ancient bone altar of Kikubaaqudgha.
  4549 | D:7      | Found a glowing silver altar of Zin.
  4551 | D:7      | Found an iron altar of Okawaru.
  4644 | D:7      | Found a white marble altar of Elyvilon.
  4787 | D:7      | Reached skill level 13 in Unarmed Combat
  5308 | D:8      | Found a flagged portal.
  5314 | Bailey   | Entered a bailey
  5371 | Bailey   | Reached XP level 10. HP: 61/88 MP: 9/9
  5510 | Bailey   | Noticed a two-headed ogre
  5527 | Bailey   | Killed a two-headed ogre
  5528 | Bailey   | Reached skill level 5 in Throwing
  5836 | D:8      | Noticed a boulder beetle
  5846 | D:8      | Killed a boulder beetle
  5847 | D:8      | Reached skill level 14 in Unarmed Combat
  6148 | D:8      | Reached ** piety under Ashenzari
  6597 | D:9      | Reached XP level 11. HP: 95/104 MP: 10/10
  6664 | D:9      | Reached skill level 5 in Shields
  7092 | D:4      | Killed Pikel
  7117 | D:4      | Found a hide-covered altar of Uskayaw.
  7509 | D:3      | Killed Sigmund
  7663 | D:9      | Found an opulent altar of Gozag.
  8218 | D:10     | Entered Level 10 of the Dungeon
  8305 | D:10     | Found a staircase to the Orcish Mines.
  8305 | D:10     | Found Eteirak's Armour Shop.
  8311 | D:10     | Reached skill level 5 in Fighting
  8356 | D:10     | Reached *** piety under Ashenzari
  8826 | D:10     | Found a glowing golden altar of the Shining One.
  8987 | D:11     | Noticed a green ugly thing
  9012 | D:11     | Killed a green ugly thing
  9085 | D:11     | Found Giloisk's Jewellery Emporium.
  9218 | D:11     | Noticed a death yak
  9235 | D:11     | Killed a death yak
  9236 | D:11     | Reached skill level 15 in Unarmed Combat
  9243 | D:11     | Found a staircase to the Lair.
  9246 | D:11     | Noticed a death yak
  9246 | D:11     | Noticed a death yak
  9246 | D:11     | Noticed a death yak
  9269 | D:11     | Killed a death yak
  9480 | D:11     | Noticed a death yak
  9480 | D:11     | Noticed a death yak
  9483 | D:11     | Noticed a death yak
  9489 | D:10     | Killed a death yak
  9490 | D:10     | Reached XP level 12. HP: 110/119 MP: 11/11
  9597 | D:11     | Killed a death yak
  9600 | D:11     | Killed a death yak
  9607 | D:11     | Killed a death yak
  9611 | D:11     | Killed a death yak
  9758 | D:12     | Found a gate leading to a gauntlet.
  9787 | Gauntlet | Entered a Gauntlet
  9787 | Gauntlet | Found a transporter.
  9787 | Gauntlet | Found a transporter.
  9803 | Gauntlet | Found a transporter.
  9807 | Gauntlet | Found a transporter.
  9817 | Gauntlet | Found a transporter.
  9817 | Gauntlet | Identified the +4 long sword of Soet {freeze, Fragile rPois
                  | Int+2}
  9821 | Gauntlet | Found a transporter.
  9833 | Gauntlet | Found a transporter.
  9833 | Gauntlet | Identified the -1 helmet "Ommaheot" {rC+}
  9848 | Gauntlet | Found a large runed translucent door.
  9849 | Gauntlet | Found a large runed translucent door.
  9850 | Gauntlet | Found a large runed translucent door.
  9850 | Gauntlet | Found a large runed translucent door.
  9851 | Gauntlet | Found a runed translucent gate.
  9851 | Gauntlet | Noticed a death yak
  9851 | Gauntlet | Noticed a death yak
  9851 | Gauntlet | Noticed a death yak
  9852 | Gauntlet | Found a transporter.
  9852 | Gauntlet | Found a runed translucent gate.
  9852 | Gauntlet | Noticed a death yak
  9852 | Gauntlet | Noticed a death yak
  9853 | Gauntlet | Found a runed translucent gate.
  9854 | Gauntlet | Found a large runed translucent door.
  9854 | Gauntlet | Found a large runed translucent door.
  9855 | Gauntlet | Found a large runed translucent door.
  9856 | Gauntlet | Found a large runed translucent door.
  9865 | Gauntlet | Found a large runed translucent door.
  9865 | Gauntlet | Found a large runed translucent door.
  9865 | Gauntlet | Found a runed translucent door.
  9865 | Gauntlet | Found a runed translucent door.
  9866 | Gauntlet | Found a large runed translucent door.
  9867 | Gauntlet | Found a large runed translucent door.
  9869 | Gauntlet | Found a transporter.
  9873 | Gauntlet | Found a transporter.
  9883 | Gauntlet | Found a transporter.
  9887 | Gauntlet | Found a transporter.
  9938 | Gauntlet | Found a large runed translucent door.
  9939 | Gauntlet | Found a large runed translucent door.
  9940 | Gauntlet | Found a large runed translucent door.
  9940 | Gauntlet | Found a large runed translucent door.
 10074 | Gauntlet | Noticed a minotaur
 10088 | Gauntlet | Killed a minotaur
 10332 | D:12     | Noticed a boulder beetle
 10350 | D:11     | Killed a boulder beetle
 10928 | Lair:1   | Entered Level 1 of the Lair of Beasts
 10968 | Lair:1   | Reached XP level 13. HP: 131/131 MP: 12/12
 11006 | Lair:1   | Noticed Sonja
 11024 | Lair:1   | Killed Sonja
 11202 | Lair:1   | Reached **** piety under Ashenzari
 11323 | Lair:1   | Reached skill level 16 in Unarmed Combat
 11829 | Lair:2   | Reached skill level 1 in Armour
 12164 | Lair:2   | Found a staircase to the Shoals.
 12986 | Lair:3   | Reached ***** piety under Ashenzari
 13057 | Lair:3   | Noticed Kirke
 13060 | Lair:3   | Noticed a sphinx
 13317 | Lair:3   | Found a hole to the Spider Nest.
 13778 | Lair:2   | Identified the cursed scarf "Chained With Me" {harm, Melee,
                  | Range} (You found it on level 3 of the Dungeon)
 13778 | Lair:2   | Identified the cursed +2 hat "Restrained Stoicism" {Melee,
                  | Cun} (You found it on level 2 of the Lair of Beasts)
 13778 | Lair:2   | Identified the cursed +1 kite shield "Share My Trepidation"
                  | {Range, Melee}
 13778 | Lair:2   | Identified the cursed +2 steam dragon scales of Ashenzari's
                  | Submission {Self, Melee} (You found it in a bailey)
 13778 | Lair:2   | Identified the cursed ring of Ashenzari's Soothsayer {AC+4,
                  | Cun, Fort} (You found it on level 1 of the Dungeon)
 13899 | Lair:3   | Killed Kirke
 13968 | Lair:4   | Reached skill level 10 in Throwing
 14056 | Lair:4   | Reached XP level 14. HP: 112/144 MP: 13/13
 14780 | Lair:5   | Entered Level 5 of the Lair of Beasts
 15044 | Lair:5   | Reached skill level 5 in Dodging
 15302 | Lair:5   | Reached skill level 10 in Shields
 15666 | Lair:5   | Found a viscous altar of Jiyva.
 15667 | Lair:5   | Found a staircase to the Slime Pits.
 16006 | Lair:5   | Reached skill level 5 in Armour
 16006 | Lair:5   | Reached skill level 17 in Unarmed Combat
 16231 | Orc:1    | Entered Level 1 of the Orcish Mines
 16313 | D:11     | Bought a ring of protection from cold for 350 gold pieces
 16419 | Orc:1    | Found a frozen archway.
 16437 | IceCv    | Entered an ice cave
 16730 | IceCv    | Reached XP level 15. HP: 156/156 MP: 14/14
 16742 | IceCv    | Identified the ring of Usmach {Fly Int+6}
 17050 | Orc:2    | Entered Level 2 of the Orcish Mines
 17075 | Orc:2    | Found a staircase to the Elven Halls.
 17780 | Orc:2    | Found Kuymon's Armour Emporium.
 17780 | Orc:2    | Found Siycureq's Assorted Antiques.
 17782 | Orc:2    | Found Syrizxeisa's Antique Armour Boutique.
 17784 | Orc:2    | Found Tuate's Distillery.
 17801 | Orc:2    | Bought the +0 mask of the Dragon {Will+ Slay+3 SInv} for
                  | 1135 gold pieces
 17801 | Orc:2    | Found the +0 mask of the Dragon {Will+ Slay+3 SInv}
 17971 | Shoals:1 | Entered Level 1 of the Shoals
 17977 | Shoals:1 | Found Wanauw's Jewellery Shop.
 18142 | Shoals:1 | Found Uxeyseq's Antique Armour Emporium.
 18217 | Shoals:1 | Found Gorihasa's Weapon Shoppe.
 18261 | Shoals:1 | Found Weavinor's Weapon Shoppe.
 18443 | Shoals:1 | Found Zaxtytucw's Magic Scroll Emporium.
 18468 | Shoals:1 | Reached skill level 10 in Fighting
 18663 | Shoals:2 | Identified 2 scrolls of acquirement
 18879 | Shoals:2 | Acquired 389 gold pieces
 18881 | Shoals:2 | Acquired a manual of Fighting
 18967 | Shoals:2 | Found a large runed translucent door.
 18967 | Shoals:2 | Found a large runed translucent door.
 18970 | Shoals:2 | Noticed cforsyth's ghost (adept OgFE)
 19196 | Shoals:2 | Noticed Polyphemus
 19207 | Shoals:2 | Killed Polyphemus
 19336 | Shoals:2 | Noticed Ilsuiw
 19353 | Shoals:2 | Killed Ilsuiw
 19360 | Shoals:2 | Reached XP level 16. HP: 84/171 MP: 15/15
 19509 | Shoals:3 | Found a glowing silver altar of Zin.
 20053 | Shoals:3 | Noticed a kraken
 20072 | Shoals:3 | Killed a kraken
 20216 | Shoals:4 | Entered Level 4 of the Shoals
 20216 | Shoals:4 | Found a stormy altar of Qazlal.
 20327 | Shoals:4 | Paralysed by an air elemental for 1 turns
 20354 | Shoals:4 | Paralysed by an air elemental for 1 turns
 20466 | Shoals:4 | Paralysed by an air elemental for 1 turns
 20492 | Shoals:4 | Identified the +5 dagger of the Three Deaths {flame, rElec
                  | rN+ Str+4}
 20592 | Shoals:4 | Learned a level 2 spell: Lesser Beckoning
 20615 | Shoals:4 | Noticed a titan
 20625 | Shoals:4 | Killed a titan
 20675 | Shoals:4 | Identified the +2 chain mail of Alloneuxt {rPois rN+ Regen+
                  | Str-5}
 20693 | Shoals:4 | Got a barnacled rune of Zot
 20723 | Shoals:4 | Reached skill level 18 in Unarmed Combat
 20814 | Shoals:4 | Paralysed by an air elemental for 1 turns
 20819 | Shoals:4 | Reached skill level 1 in Translocations
 20881 | Shoals:4 | Paralysed by an air elemental for 1 turns
 20958 | Shoals:4 | Paralysed by an air elemental for 1 turns
 21296 | Shoals:4 | Found a stormy altar of Qazlal.
 21484 | Shoals:4 | Found a radiant altar of Vehumet.
 21664 | Spider:1 | Entered Level 1 of the Spider Nest
 21734 | Spider:1 | Reached XP level 17. HP: 184/184 MP: 16/16
 22878 | Orc:2    | Bought +2 gold dragon scales for 1564 gold pieces
 23284 | Spider:2 | Identified the +6 scale mail of Bemebrucw {Stlth+}
 23440 | Spider:3 | Noticed Arachne
 23447 | Spider:3 | Killed Arachne
 24412 | Spider:4 | Entered Level 4 of the Spider Nest
 25013 | Spider:4 | Noticed Donald
 25018 | Spider:4 | Killed Donald
 25668 | Spider:4 | Reached XP level 18. HP: 169/192 MP: 0/17
 26129 | Spider:4 | Got a gossamer rune of Zot
 26453 | D:13     | Noticed Lodul
 26467 | D:13     | Killed Lodul
 26853 | Shoals:1 | Bought a scroll of enchant armour for 90 gold pieces
 26853 | Shoals:1 | Bought a scroll of blinking for 90 gold pieces
 26853 | Shoals:1 | Bought a scroll of magic mapping for 90 gold pieces
 27034 | Orc:2    | Bought a scroll of enchant armour for 202 gold pieces
 27034 | Orc:2    | Bought a phantom mirror for 1080 gold pieces
 27151 | D:13     | Reached skill level 10 in Armour
 27224 | D:13     | Found a gate to the Vaults.
 28748 | D:15     | Entered Level 15 of the Dungeon
 28748 | D:15     | Found Lizeergh's Assorted Antiques.
 28814 | D:15     | Reached skill level 19 in Unarmed Combat
 28846 | D:15     | Found an ornate altar of the Wu Jian Council.
 28963 | D:15     | Found a staircase to the Depths.
 29001 | D:15     | Identified the +11 dagger of the Pit {antimagic, rN++
                  | rCorr}
 29469 | Elf:1    | Entered Level 1 of the Elven Halls
 29716 | Elf:1    | Paralysed by an air elemental for 1 turns
 29959 | Elf:1    | Paralysed by an air elemental for 1 turns
 30222 | Elf:1    | Identified Afulean's Disquisition on the Boggart
 30444 | D:11     | Bought the ring "Dugo Joith" {Will+ Slay+3} for 624 gold
                  | pieces
 31060 | Elf:2    | Identified the +2 morningstar of the Eggplant {flame, Str+4
                  | Dex+2}
 31064 | Elf:2    | Found a runed translucent gate.
 31064 | Elf:2    | Found a runed translucent gate.
 31067 | Elf:2    | Reached XP level 19. HP: 196/206 MP: 18/18
 31068 | Elf:2    | Found a runed translucent gate.
 32080 | Elf:3    | Entered Level 3 of the Elven Halls
 32114 | Elf:3    | Found Bufitrurph's Book Emporium.
 32115 | Elf:3    | Found Saubbikh's Jewellery Shop.
 32136 | Elf:3    | Found Musir's Book Emporium.
 32220 | Elf:3    | Found Dibev's Antique Weapon Emporium.
 32931 | Elf:3    | Reached skill level 15 in Fighting
 32971 | Elf:3    | Identified the +1 plate armour of the Final Eyes {rElec rC+
                  | rN+++ Slay-4}
 32996 | Elf:3    | Identified the +1 chain mail "Quhirch" {Rampage Fly Will++
                  | Stlth+}
 33002 | Elf:3    | Identified the +7 scale mail "Asud" {+Blink Str+2}
 33083 | Elf:3    | Identified the +2 ice dragon scales "Fefeace" {rF- rC++
                  | MP+9 Int+4}
 33096 | Elf:3    | Identified the amulet of Gozag's Hatred {Acrobat Will+}
 33187 | Elf:3    | Identified the +1 shortbow "Kiciregg" {speed, Str+2 Dex+3}
 33194 | Elf:3    | Identified the +6 short sword of Infinity {holy, rPois
                  | Int+4}
 33199 | Elf:3    | Identified the Compilation of Dislocation and Putrescence
 33506 | Vaults:1 | Entered Level 1 of the Vaults
 33684 | Vaults:1 | Found a transporter.
 33685 | Vaults:1 | Found a radiant altar of Vehumet.
 33685 | Vaults:1 | Identified the +4 robe "Quhuch" {-Tele rPois Will+}
 33685 | Vaults:1 | Identified the amulet of the Pariah {Spirit rElec rN+++
                  | Str-2 SInv}
 34139 | Vaults:1 | Reached XP level 20. HP: 171/218 MP: 19/19
 34683 | Vaults:2 | Found Dawk's Assorted Antiques.
 34683 | Vaults:2 | Noticed Sojobo
 34693 | Vaults:2 | Paralysed by an air elemental for 1 turns
 34699 | Vaults:2 | Paralysed by an air elemental for 1 turns
 34892 | Vaults:2 | Found Daiddier's Weapon Emporium.
 34944 | Vaults:2 | Noticed Bai Suzhen
 34952 | Vaults:2 | Killed Bai Suzhen
 35028 | Vaults:2 | Reached skill level 20 in Unarmed Combat
 35133 | Vaults:2 | Found Joomoy's Book Shop.
 35193 | Vaults:2 | Found Gutoh's Antique Armour Emporium.
 35479 | Vaults:2 | Found a staircase to the Crypt.
 35761 | Vaults:3 | Identified the +7 arbalest of Discomfort {heavy, rF+ Will+
                  | Stlth-}
 36272 | Vaults:3 | Reached skill level 15 in Throwing
 36761 | Vaults:3 | Found a portal to a secret trove of treasure.
 37382 | Vaults:4 | Found a crumbling gateway.
 37409 | Desolati | Entered the Desolation of Salt
 37431 | Desolati | Identified the ring of Mapet {Drain rF+ Will+ rCorr Str+3}
 37443 | Desolati | Reached skill level 15 in Shields
 37495 | Desolati | Reached XP level 21. HP: 79/216 MP: 20/20
 37525 | Desolati | Identified the Directory of Talus
 37525 | Desolati | Identified the +3 chain mail of Hafit {Rampage rN+ Dex-5}
 37525 | Desolati | Identified the amulet of Lady Luck {Contam Drain rPois
                  | Regen+ Dex+6}
 37525 | Desolati | Identified the +2 flail "Murchiv" {heavy, rC+ Will+ Dex+2}
 37747 | Desolati | Identified the Quarto of the Volcano
 37748 | Desolati | Identified the ring "Pibos" {Drain rPois rF+ Will++ Int+6}
 37846 | Desolati | Identified the ring of Odahuris {Str+6 Int+2 Stlth+}
 37879 | Desolati | Identified the ring of Teosoeny {rElec Str+7 Int-5 Dex+6
                  | Slay-5}
 37935 | Desolati | Identified the +1 chain mail of the Thirteen Emperors {rN+}
 38044 | Desolati | Identified the amulet of Uraf {Spirit rN++}
 39503 | D:15     | Bought the +1 cloak of Starlight {*Dazzle EV+4 Stlth--} for
                  | 1098 gold pieces
 39503 | D:15     | Found the +1 cloak of Starlight {*Dazzle EV+4 Stlth--}
 39707 | Vaults:1 | Reached skill level 15 in Armour
 39769 | Vaults:1 | Found a transporter.
 40002 | Depths:1 | Entered Level 1 of the Depths
 40023 | Depths:1 | Noticed Asterion
 40101 | D:15     | Killed Asterion
 40709 | Depths:1 | Found a corrupted altar of Lugonu.
 40710 | Depths:1 | Found a one-way gate to the infinite horrors of the Abyss.
 40784 | Depths:1 | Found a gateway to Hell.
 40784 | Depths:1 | Noticed the Enchantress
 40821 | Depths:1 | Killed the Enchantress
 40870 | Depths:1 | Noticed an ancient lich
 40871 | Depths:1 | Found a one-way gateway to a ziggurat.
 41025 | Depths:2 | Reached XP level 22. HP: 202/240 MP: 21/21
 41081 | Depths:2 | Reached skill level 21 in Unarmed Combat
 41208 | Depths:2 | Noticed a dread lich
 41210 | Depths:2 | Killed a dread lich
 41802 | Depths:2 | Found a radiant altar of Vehumet.
 41875 | Depths:2 | Identified the +2 cloak of Orthodoxy {Regen+ Str+3 Int+7
                  | Slay-2}
 41991 | Depths:2 | Found a one-way gate leading to the halls of Pandemonium.
 42562 | Crypt:1  | Entered Level 1 of the Crypt
 42959 | Crypt:1  | Identified the +2 leather armour of Classification {Stlth+}
 43003 | Crypt:1  | Identified the Handbook of Cadavers
 44461 | Crypt:3  | Entered Level 3 of the Crypt
 44791 | Crypt:3  | Reached XP level 23. HP: 249/249 MP: 22/22
 45196 | Crypt:3  | Identified the +6 bardiche of Vodka {drain, rElec Int+4}
 45228 | Crypt:3  | Found a staircase to the Tomb.
 45736 | Crypt:3  | Reached skill level 5 in Translocations
 45882 | Crypt:3  | Found a basalt altar of Yredelemnul.
 45888 | Crypt:3  | Found an ancient bone altar of Kikubaaqudgha.
 45895 | Crypt:3  | Identified the ring "Beibboov" {rF+ Will+ Int+6 Dex+3 SInv}
 45946 | Crypt:3  | Found the +13 scythe of Curses {drain, curses, Drain}
 45946 | Crypt:3  | Found the +8 demon blade "Leech" {evervamp, Harm Drain rN+}
 46599 | Depths:3 | Noticed a juggernaut
 46870 | Depths:3 | Reached skill level 22 in Unarmed Combat
 46913 | Depths:3 | Found a shimmering altar of Xom.
 46915 | Depths:3 | Found a hazy altar of Hepliaklqana.
 46915 | Depths:3 | Found an opulent altar of Gozag.
 46917 | Depths:3 | Found a bloodstained altar of Trog.
 46917 | Depths:3 | Found a stormy altar of Qazlal.
 46917 | Depths:3 | Found a burning altar of Makhleb.
 46977 | Depths:3 | Killed a juggernaut
 47349 | Depths:3 | Identified the +11 battleaxe "Oxoahuwk" {spect, Int+2}
 48670 | Depths:4 | Entered Level 4 of the Depths
 48832 | Depths:4 | Reached XP level 24. HP: 209/262 MP: 18/22
 48952 | Depths:4 | Identified the +5 ring mail of Twilight {Stlth+}
 49373 | Depths:4 | Learned a level 1 spell: Apportation
 49380 | Depths:4 | Reached skill level 1 in Spellcasting
 49387 | Depths:4 | Learned a level 4 spell: Passage of Golubria
 49392 | Depths:4 | Learned a level 4 spell: Manifold Assault
 49396 | Depths:4 | Learned a level 3 spell: Portal Projectile
 49440 | Depths:4 | Found Gaid's Antique Armour Shop.
 49594 | Depths:4 | Found a gate to the Realm of Zot.
 50065 | Slime:1  | Entered Level 1 of the Pits of Slime
 50077 | Slime:1  | Gained mutation: You passively map a small area around you.
                  | [a shining eye]
 50261 | Slime:3  | Gained mutation: Potions are less effective at restoring
                  | your health. [a shining eye]
 50489 | Slime:4  | Gained mutation: Your spells are a little easier to cast,
                  | but a little less powerful. [a shining eye]
 50505 | Slime:5  | Entered Level 5 of the Pits of Slime
 50545 | Slime:5  | Noticed the Royal Jelly
 50763 | Slime:4  | Gained mutation: You are clumsy. (Dex -2) [a shining eye]
 50845 | Slime:5  | Identified the +12 chain mail of Ethereal the Good {Fly
                  | Int+3}
 50848 | Slime:5  | Found a viscous altar of Jiyva.
 50849 | Slime:5  | Identified the +6 quarterstaff of Suicidal Tendencies
                  | {elec, +Blink rPois}
 50866 | Slime:5  | Killed the Royal Jelly
 50936 | Slime:5  | Identified the +2 pair of gloves of the Wumpus {rN+ Str+3}
 50936 | Slime:5  | Identified the +10 mace "Ihucabock" {freeze, rElec Str+2
                  | Int+2 Stlth+}
 50936 | Slime:5  | Identified the +1 leather armour of Ziutiec {Regen+}
 50959 | Slime:5  | Learned a level 2 spell: Wereblood
 50966 | Slime:5  | Identified the +1 ring mail "Otusime" {Will+ Str+4}
 50972 | Slime:5  | Got a slimy rune of Zot
 50991 | Slime:5  | Identified the amulet "Renuots" {Faith rC+}
 50995 | Slime:5  | Identified the ring "Caloukorr" {rElec rCorr Str+3 Dex-2
                  | Slay+4}
 50995 | Slime:5  | Identified the ring of Tech {Fire Dex+3}
 50996 | Slime:5  | Identified the +1 robe "Xent" {rElec rF+ rCorr Int+3}
 51436 | Zot:1    | Entered Level 1 of the Realm of Zot
 51452 | Zot:1    | Noticed an ancient lich
 51460 | Zot:1    | Killed an ancient lich
 51468 | Zot:1    | Noticed a Killer Klown
 51492 | Zot:1    | Killed a Killer Klown
 51849 | Zot:1    | Reached XP level 25. HP: 273/273 MP: 31/31
 52129 | Zot:1    | Noticed Parghit
 52144 | Zot:1    | Killed Parghit
 52661 | Zot:1    | Reached skill level 5 in Spellcasting
 53203 | Zot:2    | Identified the ring of Danyk {Fly rElec rC+}
 53942 | Zot:3    | Noticed an orb of fire
 53949 | Zot:3    | Killed an orb of fire
 53966 | Zot:3    | Identified the ring "Dealeir" {rF+ rC+ Dex+2}
 54423 | Zot:3    | Identified the +9 hand axe of Yesterday {antimagic, Str+2
                  | Int+5}
 55360 | Zot:4    | Noticed Vv
 55368 | Zot:4    | Killed Vv
 55635 | Zot:4    | Reached XP level 26. HP: 224/286 MP: 26/35
 56233 | Zot:4    | Noticed an orb of fire
 56235 | Zot:4    | Gained mutation: Armour fits poorly on your strangely
                  | shaped body. [an orb of fire]
 56238 | Zot:4    | Gained mutation: You are dopey. (Int -2) [an orb of fire]
 56243 | Zot:4    | Killed an orb of fire
 56306 | Zot:4    | Lost mutation: You are clumsy. (Dex -2) [potion of
                  | mutation]
 56306 | Zot:4    | Lost mutation: Your spells are a little easier to cast, but
                  | a little less powerful. [potion of mutation]
 56306 | Zot:4    | Gained mutation: You occasionally shout uncontrollably at
                  | your foes. [potion of mutation]
 56306 | Zot:4    | Gained mutation: You are vulnerable to cold. (rC-) [potion
                  | of mutation]
 56307 | Zot:4    | Lost mutation: You passively map a small area around you.
                  | [potion of mutation]
 56307 | Zot:4    | Lost mutation: Potions are less effective at restoring your
                  | health. [potion of mutation]
 56307 | Zot:4    | Lost mutation: You occasionally shout uncontrollably at
                  | your foes. [potion of mutation]
 56307 | Zot:4    | Lost mutation: You are dopey. (Int -2) [potion of mutation]
 56307 | Zot:4    | Gained mutation: You have sharp toenails. [potion of
                  | mutation]
 56308 | Zot:4    | Lost mutation: You have sharp toenails. [potion of
                  | mutation]
 56308 | Zot:4    | Lost mutation: Armour fits poorly on your strangely shaped
                  | body. [potion of mutation]
 56308 | Zot:4    | Gained mutation: You have a pair of small horns on your
                  | head. [potion of mutation]
 56308 | Zot:4    | Gained mutation: You are clumsy. (Dex -2) [potion of
                  | mutation]
 56351 | Zot:5    | Entered Level 5 of the Realm of Zot
 56351 | Zot:5    | Noticed patfeehan111222's ghost (legendary MiBe)
 56351 | Zot:5    | Found a transporter.
 56351 | Zot:5    | Found a transporter.
 56552 | Zot:5    | Identified the Enchiridion on Burnt Exhumation
 56553 | Zot:5    | Found the +27 heavy crossbow "Sniper" {heavy, Acc+∞ SInv}
 56935 | Zot:5    | Noticed an ancient lich
 56939 | Zot:5    | Killed an ancient lich
 56942 | Zot:5    | Noticed a dread lich
 56944 | Zot:5    | Noticed an orb of fire
 56948 | Zot:5    | Killed a dread lich
 56949 | Zot:5    | Killed an orb of fire
 57378 | Zot:5    | Noticed an orb of fire
 57388 | Zot:5    | Reached skill level 10 in Translocations
 57401 | Zot:5    | Killed an orb of fire
 57602 | Zot:5    | Noticed an ancient lich
 57607 | Zot:5    | Killed an ancient lich
 57738 | Zot:5    | Got the Orb of Zot
 57826 | Zot:2    | Noticed Weoc the pandemonium lord
 57857 | Zot:2    | Noticed Wogemp the pandemonium lord
 58074 | D:15     | Reached XP level 27. HP: 276/302 MP: 34/38
 58120 | D:13     | Noticed Weecuule the pandemonium lord
 58394 | D:$      | Escaped with the Orb!

Illustrated notes

Levels and vault maps discovered:
D:1:      dpeg_arrival_rooms_c, layout_rooms, shapermc_ecumenical_altar_pompeii
D:2:      layout_basic, serial_shops, shop
D:3:      layout_basic, nicolae_ashenzari_panopticon, uniq_sigmund
D:4:      layout_loops_corners, lemuel_coloured_pillars_altar, uniq_pikel
D:5:      layout_loops_cross
D:6:      layout_gridville, temple_doors_e, ebering_ghost_sewer_d, minivault_26,
          st_stairs_4, grunt_ministairs_1, minmay_starry_boxes
D:7:      layout_loops_corners, kennysheep_ying_yang, minitemple,
          nicolae_ru_path_of_blood, minmay_quadrilaterals, uniq_joseph
D:8:      layout_gridville, enter_bailey_2, serial_bayou_lagoon_a
D:9:      layout_roguey, grunt_gozag_breadcrumbs
D:10:     cheibrodos_barr_body, layout_rooms, kennysheep_little_box,
          orc_david_3, minivault_8
D:11:     layout_gridville, dpeg_lair_monsters, serial_shops, shop
D:12:     layout_cave_pools, gauntlet_entry_generic
D:13:     layout_layer_cave, grunt_vaults_entry_fortified, minmay_statue_bubble,
          uniq_lodul
D:14:     layout_gridville, nicolae_figureground_pulse
D:15:     grunt_enter_depths_snipers, layout_basic, serial_shops,
          nicolae_shop_hallway_stairs, pdpol_wu_jian_five_deadly_venoms
Lair:1:   layout_cellular_growth, uniq_sonja
Lair:2:   layout_small_grid, minmay_shoals_entry_beasts, pond,
          infiniplex_staircase_pool_2
Lair:3:   layout_gridlike, nicolae_spider_entry_tight_spaces, uniq_kirke
Lair:4:   layout_cave_shapes
Lair:5:   hangedman_lair_caniforms_friends, layout_regular_city,
          nicolae_slime_entry_slimehenge, st_stairs_8, amcnicky_mini_pool_medium
Shoals:1: layout_shoals, serial_shops, shop_fountains, shop,
          nicolae_shop_bloodbath_and_beyond, nicolae_diamond_shop, shop,
          nicolae_shoals_undead_eyrie
Shoals:2: layout_shoals, ebering_ghost_disaster_area, nicolae_shoals_mertower,
          uniq_ilsuiw, uniq_polyphemus
Shoals:3: layout_shoals, lemuel_altar_in_water,
          nicolae_shoals_kraken_intersection
Shoals:4: shoals_end_hellmonk_storm_palace [storm_palace_center_square,
          storm_palace_corner_altar, storm_palace_corner_altar,
          storm_palace_corner_altar, storm_palace_corner_grid]
Spider:1: layout_spider_delve, drop_trap
Spider:2: layout_spider_delve
Spider:3: layout_chambers, uniq_arachne
Spider:4: floodkiller_spider_rune_tomb, uniq_donald
Slime:1:  layout_caves
Slime:2:  layout_caves
Slime:3:  layout_caves
Slime:4:  layout_caves
Slime:5
Orc:1:    layout_diamond_mine, portal_ice_cave_rime, bh_open_orc_temple
Orc:2:    st_orc_rangers, layout_caves
Elf:1:    minmay_elf_arrival_circle, layout_loops_ring,
          hangedman_corner_corridor, minmay_elf_demonology
Elf:2:    elven_hall_of_blades_hangedman_original
          [nicolae_blade_entry_crossed_weapons], layout_loops_cross
Elf:3:    elf_hall_gauntlet_wide, layout_geoelf_castle, serial_shops, shop,
          minmay_misc_feat_columns, minmay_shop_grove
Vaults:1: grunt_vaults_hallway_short, ontoclasm_vaults_ring_square,
          vaults_mumra_chevron, gammafunk_sealed_library,
          dpeg_vaults_monster_box, ontoclasm_vaults_loading_screen,
          v_alt_pattern_1, nicolae_vaults_big_ls,
          nicolae_vaults_ring_of_whatevers, vaults_dpeg_ring, vaults_dpeg_cross,
          v_misc_27, nicolae_vaults_little_ls, layout_vaults_omnibox
Vaults:2: vaults_room_large_hall, vaults_standard_mumra_enter_the_diamond,
          minmay_crypt_entry_simple_sparse, nicolae_vaults_stairing_the_circle,
          vaults_standard_mumra_lines, v_misc_5,
          nicolae_vaults_mini_display_case, ontoclasm_vaults_gateway,
          v_alt_pattern_4, nicolae_vaults_little_squares_3,
          nicolae_vaults_diagonal_hallway_7, vaults_room_stairs_pillars,
          ontoclasm_vaults_ring_large, ontoclasm_vaults_spin,
          grunt_vaults_hallway_long, ontoclasm_vaults_twist,
          layout_vaults_omnicross, serial_shops, shop, shop,
          nicolae_square_shop, nicolae_shop_competitors_out_of_business,
          uniq_sojobo, uniq_bai_suzhen
Vaults:3: v_misc_8, hangedman_vaults_stretched_pinwheel,
          ontoclasm_vaults_misaligned, v_misc_23, ontoclasm_vaults_idyll,
          nicolae_vaults_yaktaur_gun_rack, hangedman_vaults_nails, v_misc_15,
          hangedman_vaults_corner, nicolae_vaults_shelves_hall,
          nicolae_vaults_little_squares_6, layout_vaults_omnigrid, enter_trove_3
Vaults:4: portal_desolation_entry_salt, nicolae_vaults_network_periphery,
          hangedman_vaults_maws, nicolae_vaults_little_squares_5,
          ontoclasm_vaults_idyll, v_misc_25, v_misc_24,
          layout_vaults_chaotic_city
Crypt:1:  layout_rooms, special_room [special_room_morgue]
Crypt:2:  layout_catacombs, hex_large, grunt_megastairs_1
Crypt:3:  lightli_unholy_cathedral, layout_chaotic_city,
          tomb_entry_simple_bobbens, minmay_guarded_unrand_curses,
          grunt_megastairs_5
Depths:1: layout_gridlike, enter_ziggurat_c, hell_entry,
          abyss_entry_flame_altar, interstate_on_off, kennysheep_dice,
          uniq_asterion, uniq_enchantress
Depths:2: cheibrodos_cascadia, layout_gridville, rand_demon_pan_entry_3,
          hell_entry, vehumet_crystals, infiniplex_staircase_diamond,
          serial_bayou_shore_a, grunt_megastairs_4
Depths:3: cheibrodos_spurs, layout_cave_shapes, pan_entry,
          minmay_room_of_horrors, hell_entry, doesnt_xom_only_xom
Depths:4: grunt_x_marks_the_spot, layout_basic, hell_entry, serial_glass,
          glass_columns_a, glass_columns_b, serial_shops, shop,
          serial_bayou_pond_a, st_stairs_11, minmay_hollow_rounded_squares
Zot:1:    layout_gridlike, hangedman_player_shredder, grunt_megastairs_3,
          uniq_parghit
Zot:2:    layout_misc_corridors, nicolae_lava_and_water
Zot:3:    nicolae_moth_party, layout_twisted_circle
Zot:4:    gammafunk_mikee_crab_dinner, layout_gridlike, uniq_vv
Zot:5:    layout_onion, gammafunk_ghost_mausoleum

Skill      XL: |  1  2  3  4  5  6  7  8  9 10 11 12 13 14 15 16 17 18 19 20 21 22 23 24 25 26 |
---------------+-------------------------------------------------------------------------------+-----
Unarmed Combat | 3 4 5 6 7 9 12 13 14 15 16 17 18 19 20 21 22 | 22.7
Throwing       | 2 4 6 7 9 10 11 12 13 14 15 16 17 18 19 | 19.5
Shields        | 4 6 8 9 10 11 12 13 14 15 16 17 18 19 | 19.3
Fighting       | 4 6 7 8 9 10 11 13 14 15 16 17 18 19 | 19.4
Armour         | 3 5 6 7 9 11 12 14 15 16 17 18 | 18.8
Dodging        | 4 5 7 8 |  8.6
Translocations | 2 4 6 7 9 10 | 10.3
Spellcasting   | 4 7 9 |  9.1

Action                     |  1- 3 |  4- 6 |  7- 9 | 10-12 | 13-15 | 16-18 | 19-21 | 22-24 | 25-27 || total
---------------------------+-------+-------+-------+-------+-------+-------+-------+-------+-------++-------
  Melee: Unarmed           |    88 |    90 |   198 |   377 |   895 |  1091 |  1124 |  1651 |   728 ||  6242
         Headbutt          |       |       |       |       |       |       |       |       |    45 ||    45
  Throw: Boomerang         |       |     2 |     3 |    52 |    46 |    59 |    88 |    35 |       ||   285
         Dart              |       |       |       |    11 |    15 |       |       |       |       ||    26
         Javelin           |       |       |       |     6 |    18 |    12 |    13 |    14 |    14 ||    77
         Large rock        |       |       |       |       |    23 |    39 |    50 |    63 |   268 ||   443
         Throwing net      |       |       |       |       |       |       |       |     2 |       ||     2
   Cast: Lesser Beckoning  |       |       |       |       |       |       |       |       |     3 ||     3
         Blink             |       |       |       |       |       |       |       |       |     3 ||     3
 Invoke: Curse Item        |       |       |     2 |     2 |     3 |     1 |     1 |     1 |     2 ||    12
         Shatter the Chain |       |       |       |       |     1 |     1 |     2 |     1 |       ||     5
  Evoke: Wand              |       |       |       |     3 |       |     2 |       |       |     3 ||     8
         Phial of floods   |       |       |       |       |       |       |       |       |     1 ||     1
    Use: Scroll            |       |       |    11 |     1 |     4 |    11 |     8 |     2 |     9 ||    46
         Potion            |       |       |       |     3 |     1 |     6 |     7 |     2 |    12 ||    31
   Stab: Sleeping          |     1 |     1 |       |       |     1 |       |       |       |       ||     3
         Distracted        |       |       |       |       |       |     1 |     1 |     1 |     1 ||     4
         Invisible         |       |       |       |       |       |       |     2 |       |     6 ||     8
 Armour: Robe              |    23 |    12 |    40 |     5 |       |       |       |       |       ||    80
         Steam dragon scal |       |       |       |    56 |   164 |    70 |       |       |       ||   290
         Gold dragon scale |       |       |       |       |       |   294 |   322 |   642 |   328 ||  1586
         Skin              |       |       |       |       |       |     2 |       |       |     1 ||     3
  Dodge: Dodged            |    18 |    23 |    43 |    58 |   187 |   184 |   141 |   244 |    93 ||   991
  Block: Kite shield       |    53 |    47 |    94 |   173 |   612 |   682 |   708 |   746 |   311 ||  3426
         Reflection        |       |     2 |     5 |     9 |    66 |    47 |    66 |     2 |       ||   197

Table legend: (Time is in decaauts)
 A = Elapsed time spent in this place.
 B = Non-inter-level travel time spent in this place.
 C = Inter-level travel time spent in this place.
 D = Time resting spent in this place.
 E = Time spent auto-exploring this place.
 F = Levels seen in this place.
 G = Mean time per level.
                   A        B        C        D        E       F      G
               +--------+--------+--------+--------+--------+-----+--------+
         Total |  56119 |  46762 |   9357 |   3912 |  19524 |  58 |  967.6 |
       Dungeon |  14842 |  11580 |   3262 |    270 |   7456 |  15 |  989.5 |
          Lair |   6243 |   4542 |   1701 |     92 |   2185 |   5 | 1248.6 |
        Shoals |   3539 |   3196 |    343 |   1064 |     28 |   4 |  884.8 |
   Spider Nest |   4284 |   3330 |    954 |    552 |    926 |   4 | 1071.0 |
    Slime Pits |    830 |    755 |     75 |     76 |      0 |   5 |  166.0 |
  Orcish Mines |   1509 |   1090 |    419 |    192 |    224 |   2 |  754.5 |
   Elven Halls |   3443 |   3110 |    333 |    347 |   1187 |   3 | 1147.7 |
        Vaults |   5499 |   4456 |   1043 |    171 |   2168 |   4 | 1374.8 |
         Crypt |   3265 |   2998 |    267 |    219 |   1343 |   3 | 1088.3 |
        Depths |   4699 |   4048 |    651 |    198 |   2005 |   4 | 1174.8 |
           Zot |   6079 |   5772 |    307 |    524 |   2002 |   5 | 1215.8 |
        Bailey |    406 |    406 |      0 |    133 |      0 |   1 |  406.0 |
      Ice Cave |    393 |    393 |      0 |      0 |      0 |   1 |  393.0 |
    Desolation |    736 |    736 |      0 |     40 |      0 |   1 |  736.0 |
      Gauntlet |    345 |    345 |      0 |     31 |      0 |   1 |  345.0 |
               +--------+--------+--------+--------+--------+-----+--------+

Top non-repeatable levels by time:
    D:13: 1710 daAuts
   Zot:1: 1638 daAuts
Vaults:1: 1571 daAuts
Spider:4: 1536 daAuts
Depths:2: 1516 daAuts
 Crypt:2: 1473 daAuts
    D:11: 1435 daAuts
Vaults:3: 1404 daAuts
Vaults:2: 1392 daAuts
  Lair:3: 1357 daAuts
  Lair:2: 1332 daAuts
  Lair:1: 1326 daAuts
Spider:3: 1307 daAuts
Shoals:4: 1273 daAuts
   Zot:5: 1267 daAuts
